 Dungeon Crawl Stone Soup version 0.30.0-29-ga12c61a403 (webtiles) character file.

Game seed: 12469487824836056060

16799 qw the Cleaver (level 12, -14/76 HPs)
             Began as a Gargoyle Fighter on June 3, 2023.
             Was a High Priest of Okawaru.
             Killed by the air
             ... invoked by Gastronok
              (46 damage)
             ... on level 3 of the Lair of Beasts.
             The game lasted 00:05:41 (8828 turns).

qw the Cleaver (Gargoyle Fighter)                   Turns: 8828, Time: 00:05:42

Health: -14/76     AC: 34    Str: 27    XL:     12   Next: 41%
Magic:  19/19      EV: 10    Int: 10    God:    Okawaru [*****.]
Gold:   518        SH:  6    Dex:  9    Spells: 11/11 levels left

rFire   + . .        Y - +3 war axe
rCold   . . .        c - +0 buckler
rNeg    + . .        b - +0 plate armour
rPois   inf          i - +2 helmet
rElec   +            o - +0 cloak
rCorr   +            r - +1 pair of gloves
SInv    +            k - +0 pair of boots
Will    .....        g - amulet of regeneration Stlth
                     h - ring of see invisible
HPRegen 1.12/turn    s - ring "Hibem" {rCorr Str+3}
MPRegen 0.16/turn

%: no passive effects
@: heroic
A: sickness immunity, AC +8, negative energy resistance 1, electricity
resistance, torment resistance 1, petrification resistance, talons 1, fire
resistance 1
a: Renounce Religion, Heroism, Finesse, Duel


You were on level 3 of the Lair of Beasts.
You worshipped Okawaru.
Okawaru was extremely pleased with you.
You visited 2 branches of the dungeon, and saw 12 of its levels.

You collected 727 gold pieces.
You spent 209 gold pieces at shops.


Innate Abilities, Weirdness & Mutations

You are immune to sickness and miasma.
Your stone body is resilient. (AC +8)
You are immune to poison.
You resist negative energy. (rN+)
You are resistant to electric shocks. (rElec)
You are resistant to unholy torment.
You are immune to petrification.
You have sharp toenails.
Your flesh is heat resistant. (rF+)


   Skills:
 - Level 9.0(14.0) Fighting
 - Level 12.1(17.1) Axes
 - Level 1.1(6.1) Throwing
 - Level 9.2(14.2) Armour
 - Level 2.1(7.1) Dodging
 + Level 5.7(10.7) Shields
 - Level 10.2 Invocations


You had 11 spell levels left.
You didn't know any spells.
Your spell library was empty.

Inventory:

Hand Weapons
 y - a +0 morningstar
 Y - a +3 war axe (weapon)
Armour
 b - a +0 plate armour (worn)
 c - a +0 buckler (worn)
 i - a +2 helmet (worn)
 k - a +0 pair of boots (worn)
 o - a +0 cloak (worn)
 r - a +1 pair of gloves (worn)
 v - +0 acid dragon scales
Jewellery
 g - an amulet of regeneration (around neck)
 h - a ring of see invisible (left hand)
 q - a ring of see invisible
 s - the ring "Hibem" (right hand) {rCorr Str+3}
   (You bought it in a shop on level 5 of the Dungeon)

   [ring of resist corrosion]

   Str:       It affects your strength (+3).
   rCorr:     It protects you from acid and corrosion.
 u - a ring of protection from fire
Wands
 x - a wand of digging (1)
Scrolls
 a - a scroll of brand weapon {unknown}
 j - 2 scrolls of identify
 p - 2 scrolls of vulnerability {unknown}
 t - 2 scrolls of teleportation
Potions
 d - a potion of might
 e - 6 potions of curing
 f - 5 potions of heal wounds
 l - a potion of magic
 m - a potion of mutation
 n - a potion of resistance
 w - a potion of haste

Dungeon Overview and Level Annotations

Branches:
Dungeon (9/15)             Temple (0/1) D:5            Lair (3/5) D:9
 Shoals (0/4) Lair:2        Snake (0/4) Lair:2          Orc (0/2) D:9

Altars:
Hepliaklqana
Kikubaaqudgha
Nemelex Xobeh
Okawaru
Ru
Uskayaw
Yredelemnul
Zin

Shops:
D:5 *   D:8 *   D:9 (

Annotations:
D:5 1 runed translucent door, qw's ghost, novice GrFi
Lair:3 Gastronok


Message History

You barely miss the komodo dragon.
The komodo dragon is moderately wounded.
You barely miss the komodo dragon.
The komodo dragon is moderately wounded.
You barely miss the river rat. The komodo dragon bites you!
You block the river rat's attack.
You hit the komodo dragon but do no damage.
The komodo dragon is moderately wounded.
You closely miss the river rat. The komodo dragon barely misses you.
You slash the komodo dragon!
The komodo dragon is heavily wounded.
You closely miss the river rat. The river rat barely misses you.
You slash the komodo dragon!
The komodo dragon is severely wounded.
You hit the river rat. The komodo dragon bites you!
You block the river rat's attack.
You slash the komodo dragon!
You kill the komodo dragon!
Okawaru accepts your kill.
You slash the river rat!
You kill the river rat!
The river rat's corpse disappears in a puff of smoke!
You feel briefly sluggish.
You see here a komodo dragon corpse.
You hit Gastronok but do no damage. You slice Gastronok!!
Gastronok is moderately wounded.
Gastronok closely misses you.
You hit Gastronok.
Gastronok is moderately wounded.
You slash Gastronok!
Gastronok is moderately wounded.
You slice Gastronok!!
Gastronok is heavily wounded.
Gastronok waves his eye-stalks in wide circles.
The air twists around and strikes you!!!
Ouch! That really hurt!
You die...

##....# .. #.....#
... ##.....## #
...#####PP....P##$#
...................
...................
#..............<..
#...%.%..........
####.)@w..##.P##.
#..%...# ##
#.......#
#........#
##.......#
#.......##
#.......P
#........#


You could see Gastronok.

Vanquished Creatures
  A fire crab (Lair:1)
  A cyclops (D:9)
  4 elephants (Lair:3)
  A manticore (Lair:1)
  A cane toad (Lair:2)
  6 black mambas
  2 rime drakes (Lair:1)
  3 komodo dragons
  3 polar bears (Lair:1)
  2 hornets
  A wraith (D:9)
  Sigmund (D:2)
  9 yaks
  A shadow (D:9)
  2 wyverns (D:9)
  Grum (D:9)
  A vampire mosquito (D:9)
  Menkaure (D:7)
  2 acid dragons (D:9)
  14 water moccasins
  2 orc warriors (D:9)
  6 black bears
  3 sky beasts
  4 wolves (Lair:2)
  2 ogres (D:5)
  2 phantoms
  A kobold brigand (D:9)
  9 bullfrogs
  6 gnoll sergeants
  8 scorpions
  3 wights (D:7)
  13 killer bees
  2 electric eels (Lair:1)
  5 howler monkeys
  A vampire bat (D:7)
  14 hounds
  3 orc priests
  2 sleepcaps
  3 gnoll boudas (D:9)
  5 iguanas
  Terence (D:2)
  5 orc wizards
  28 gnolls
  8 adders
  A white imp (D:6)
  A dart slug (D:2)
  32 orcs
  5 bats
  2 bat skeletons (D:7)
  2 bat zombies (D:7)
  3 endoplasms
  2 giant cockroaches (D:3)
  11 goblins
  8 hobgoblins
  5 jackals
  9 kobolds
  4 quokkas
  9 ball pythons
  2 frilled lizards (D:1)
  3 rats
292 creatures vanquished.

Notes
Turn   | Place    | Note
-------+----------+-------------------------------------------
     0 | D:1      | qw the Gargoyle Fighter began the quest for the Orb.
     0 | D:1      | Reached XP level 1. HP: 14/14 MP: 1/1
     0 | D:1      | 0 ||| qw: Version: 0.2-a-103-g5a998e5
     0 | D:1      | 0 ||| qw: Game counter: 1086
     0 | D:1      | 0 ||| qw: Always use a shield: true
     0 | D:1      | 0 ||| qw: God list: Okawaru
     0 | D:1      | 0 ||| qw: Allow faded altars: false
     0 | D:1      | 0 ||| qw: Do Orc after D:15 true
     0 | D:1      | 0 ||| qw: Do second Lair branch before Depths: true
     0 | D:1      | 0 ||| qw: Lair rune preference: random
     0 | D:1      | 0 ||| qw: Plans: Normal, Zot:1-4, Slime:5, God:TSO, Crypt,
                  | Tomb, Pan, Hells, Abyss, Win
     0 | D:1      | 0 ||| PLANNING D:1-11
    43 | D:1      | Reached skill level 2 in Axes
   159 | D:1      | 159 ||| Stepping ~*~*~tactically~*~*~ (stealth).
   167 | D:1      | Reached XP level 2. HP: 19/19 MP: 2/2
   237 | D:1      | 237 ||| Stepping ~*~*~tactically~*~*~ (stealth).
   238 | D:1      | 238 ||| Stepping ~*~*~tactically~*~*~ (stealth).
   330 | D:1      | Reached skill level 3 in Axes
   330 | D:1      | Found a faded altar of an unknown god.
   472 | D:1      | Reached XP level 3. HP: 23/23 MP: 3/3
   550 | D:1      | 550 ||| READING scroll labelled RIM BAPONNUYZ.
   551 | D:1      | 551 ||| READING scroll labelled BYSTUI GYCRO.
   552 | D:1      | 552 ||| READING 2 scrolls labelled OMME TI MOAWOIPURCH.
   553 | D:1      | 553 ||| DRINKING 2 purple potions.
   613 | D:2      | 613 ||| Stepping ~*~*~tactically~*~*~ (hiding).
   615 | D:2      | 615 ||| Stepping ~*~*~tactically~*~*~ (hiding).
   616 | D:2      | 616 ||| Stepping ~*~*~tactically~*~*~ (hiding).
   744 | D:2      | Noticed Sigmund
   745 | D:2      | 745 ||| Stepping ~*~*~tactically~*~*~ (hiding).
   746 | D:2      | 746 ||| Stepping ~*~*~tactically~*~*~ (hiding).
   747 | D:2      | 747 ||| Stepping ~*~*~tactically~*~*~ (hiding).
   759 | D:2      | Killed Sigmund
   760 | D:2      | Reached skill level 5 in Axes
   760 | D:2      | Reached XP level 4. HP: 14/28 MP: 4/4
   760 | D:2      | Reached XP level 5. HP: 16/32 MP: 5/5
   806 | D:2      | 806 ||| FLEEEEING.
   807 | D:2      | 807 ||| FLEEEEING.
   808 | D:2      | 808 ||| FLEEEEING.
   809 | D:2      | 809 ||| FLEEEEING.
   810 | D:2      | 810 ||| FLEEEEING.
   811 | D:2      | 811 ||| FLEEEEING.
   846 | D:2      | Noticed Terence
   856 | D:2      | Killed Terence
   975 | D:2      | Reached XP level 6. HP: 38/38 MP: 6/6
  1099 | D:2      | 1099 ||| Stepping ~*~*~tactically~*~*~ (stealth).
  1147 | D:2      | Reached skill level 1 in Dodging
  1261 | D:2      | 1261 ||| UPGRADING to +0 chain mail.
  1271 | D:2      | 1271 ||| DROPPING +0 scale mail.
  1272 | D:2      | 1272 ||| READING scroll labelled VESAHE MELLAOS.
  1373 | D:2      | 1373 ||| READING 2 scrolls of identify.
  1373 | D:2      | 1373 ||| IDENTIFYING smoky silvery potion
  1374 | D:2      | 1374 ||| DROPPING potion of berserk rage.
  1535 | D:3      | 1535 ||| Stepping ~*~*~tactically~*~*~ (stealth).
  1536 | D:3      | 1536 ||| Stepping ~*~*~tactically~*~*~ (stealth).
  1537 | D:3      | 1537 ||| Stepping ~*~*~tactically~*~*~ (stealth).
  1538 | D:3      | 1538 ||| Stepping ~*~*~tactically~*~*~ (stealth).
  1545 | D:3      | 1545 ||| Stepping ~*~*~tactically~*~*~ (stealth).
  1547 | D:3      | 1547 ||| Stepping ~*~*~tactically~*~*~ (stealth).
  1555 | D:3      | 1555 ||| Stepping ~*~*~tactically~*~*~ (stealth).
  1556 | D:3      | 1556 ||| Stepping ~*~*~tactically~*~*~ (stealth).
  1557 | D:3      | 1557 ||| Stepping ~*~*~tactically~*~*~ (stealth).
  1568 | D:3      | 1568 ||| DROPPING +0 club.
  1690 | D:3      | Found an iron altar of Okawaru.
  1691 | D:3      | 1691 ||| PLANNING OKAWARU WORSHIP
  1691 | D:3      | 1691 ||| DROPPING ring of flight.
  1692 | D:3      | 1692 ||| READING scroll labelled DALUADITOWK.
  1693 | D:3      | 1693 ||| READING scroll labelled SOELLE ULLUE.
  1697 | D:3      | 1697 ||| DRINKING 2 white potions.
  1698 | D:3      | 1698 ||| DRINKING 2 lumpy amethyst potions.
  1699 | D:3      | 1699 ||| READING 2 scrolls of identify.
  1699 | D:3      | 1699 ||| IDENTIFYING murky clear potion
  1700 | D:3      | 1700 ||| DROPPING potion of degeneration.
  1701 | D:3      | 1701 ||| DROPPING potion of flight.
  1770 | D:3      | Became a worshipper of Warmaster Okawaru
  1770 | D:3      | 1770 ||| PLANNING D:1-11
  1992 | D:3      | Noticed a black bear
  2006 | D:3      | Killed a black bear
  2279 | D:4      | 2279 ||| STAIRDANCE
  2291 | D:3      | Reached skill level 6 in Axes
  2352 | D:4      | Noticed a black bear
  2362 | D:4      | Reached XP level 7. HP: 25/43 MP: 7/7
  2365 | D:4      | Reached * piety under Okawaru
  2366 | D:4      | 2366 ||| INVOKING Heroism.
  2457 | D:4      | 2457 ||| DROPPING +0 whip.
  2458 | D:4      | Found a hazy altar of Hepliaklqana.
  2537 | D:4      | Found a sparkling altar of Nemelex Xobeh.
  2652 | D:4      | 2652 ||| Stepping ~*~*~tactically~*~*~ (stealth).
  2654 | D:4      | 2654 ||| Stepping ~*~*~tactically~*~*~ (stealth).
  2672 | D:4      | Reached skill level 7 in Axes
  2673 | D:4      | Reached skill level 1 in Invocations
  2899 | D:4      | 2899 ||| UPGRADING to +0 pair of boots.
  2904 | D:4      | 2904 ||| UPGRADING to +0 cloak.
  2909 | D:4      | 2909 ||| UPGRADING to amulet of regeneration.
  2914 | D:4      | 2914 ||| DROPPING amulet of guardian spirit.
  2915 | D:4      | 2915 ||| UPGRADING to ring of see invisible.
  2937 | D:5      | Entered Level 5 of the Dungeon
  2994 | D:5      | 2994 ||| INVOKING Heroism.
  3005 | D:5      | Reached XP level 8. HP: 36/48 MP: 7/9
  3077 | D:5      | 3077 ||| INVOKING Heroism.
  3085 | D:5      | Reached skill level 3 in Invocations
  3128 | D:5      | 3128 ||| INVOKING Heroism.
  3139 | D:5      | Reached skill level 1 in Throwing
  3295 | D:5      | Found a runed translucent door.
  3300 | D:5      | Noticed qw's ghost (novice GrFi)
  3325 | D:5      | 3325 ||| INVOKING Heroism.
  3445 | D:5      | 3445 ||| INVOKING Heroism.
  3534 | D:5      | Found a staircase to the Ecumenical Temple.
  3540 | D:5      | 3540 ||| Stepping ~*~*~tactically~*~*~ (hiding).
  3542 | D:5      | 3542 ||| Stepping ~*~*~tactically~*~*~ (hiding).
  3543 | D:5      | 3543 ||| Stepping ~*~*~tactically~*~*~ (hiding).
  3544 | D:5      | 3544 ||| Stepping ~*~*~tactically~*~*~ (hiding).
  3547 | D:5      | 3547 ||| Stepping ~*~*~tactically~*~*~ (stealth).
  3556 | D:5      | 3556 ||| Stepping ~*~*~tactically~*~*~ (stealth).
  3557 | D:5      | 3557 ||| Stepping ~*~*~tactically~*~*~ (stealth).
  3558 | D:5      | 3558 ||| Stepping ~*~*~tactically~*~*~ (stealth).
  3559 | D:5      | 3559 ||| Stepping ~*~*~tactically~*~*~ (stealth).
  3618 | D:5      | Found Watoh's Assorted Antiques.
  3628 | D:5      | 3628 ||| BUYING flickering bone ring (95 gold).
  3628 | D:5      | Bought a flickering bone ring for 95 gold pieces
  3628 | D:5      | Identified the ring "Hibem" {rCorr Str+3} (You bought it in
                  | a shop on level 5 of the Dungeon)
  3628 | D:5      | 3628 ||| BUYING potion of curing (57 gold).
  3628 | D:5      | Bought a potion of curing for 57 gold pieces
  3628 | D:5      | 3628 ||| BUYING potion of curing (57 gold).
  3628 | D:5      | Bought a potion of curing for 57 gold pieces
  3628 | D:5      | 3628 ||| SHOPLISTING scroll of identify (38 gold, have 29).
  3628 | D:5      | 3628 ||| SHOPLISTING shiny plate armour (494 gold, have
                  | 29).
  3761 | D:5      | 3761 ||| UPGRADING to +0 helmet.
  3766 | D:5      | 3766 ||| UPGRADING to ring "Hibem" {rCorr Str+3}.
  3767 | D:5      | 3767 ||| READING 2 scrolls labelled VOOJERCHAUS.
  3768 | D:5      | 3768 ||| READING scroll of enchant weapon.
  3768 | D:5      | 3768 ||| ENCHANTING +1 war axe.
  3769 | D:5      | 3769 ||| READING scroll labelled GUYD VETZO.
  3811 | D:6      | Reached skill level 8 in Axes
  3982 | D:6      | 3982 ||| INVOKING Heroism.
  3991 | D:6      | Reached skill level 6 in Fighting
  3991 | D:6      | Reached XP level 9. HP: 55/55 MP: 10/12
  4172 | D:6      | 4172 ||| READING scroll of enchant weapon.
  4172 | D:6      | 4172 ||| ENCHANTING +2 war axe.
  4352 | D:6      | 4352 ||| UPGRADING to +0 pair of gloves.
  4357 | D:6      | 4357 ||| READING 3 scrolls labelled EJUMAO NOLY.
  4358 | D:6      | 4358 ||| DROPPING 2 scrolls of amnesia.
  4371 | D:7      | You fall into a shaft and drop 1 floor!
  4403 | D:8      | Found Panafe's Gadget Gallery.
  4432 | D:7      | Reached ** piety under Okawaru
  4449 | D:7      | 4449 ||| Stepping ~*~*~tactically~*~*~ (stealth).
  4450 | D:7      | 4450 ||| Stepping ~*~*~tactically~*~*~ (stealth).
  4500 | D:7      | Found a glowing silver altar of Zin.
  4620 | D:7      | 4620 ||| DROPPING +0 flail.
  4923 | D:7      | Reached skill level 9 in Axes
  5074 | D:7      | Noticed Menkaure
  5075 | D:7      | 5075 ||| Stepping ~*~*~tactically~*~*~ (hiding).
  5081 | D:7      | 5081 ||| INVOKING Heroism.
  5085 | D:7      | Killed Menkaure
  5086 | D:7      | Reached skill level 6 in Armour
  5178 | D:7      | Found an ancient bone altar of Kikubaaqudgha.
  5336 | D:7      | 5336 ||| READING 2 scrolls of identify.
  5336 | D:7      | 5336 ||| IDENTIFYING green potion
  5337 | D:7      | 5337 ||| DROPPING potion of brilliance.
  5734 | D:8      | 5734 ||| INVOKING Heroism.
  5855 | D:8      | 5855 ||| Stepping ~*~*~tactically~*~*~ (stealth).
  5891 | D:8      | Reached XP level 10. HP: 63/63 MP: 13/13
  6079 | D:8      | Reached skill level 10 in Axes
  6220 | D:8      | 6220 ||| READING scroll labelled NAFREE SERO.
  6221 | D:8      | 6221 ||| READING scroll labelled DEARON CUUJU.
  6222 | D:8      | 6222 ||| DRINKING 2 sedimented golden potions.
  6278 | D:9      | 6278 ||| Stepping ~*~*~tactically~*~*~ (hiding).
  6279 | D:9      | 6279 ||| INVOKING Heroism.
  6295 | D:9      | Reached *** piety under Okawaru
  6335 | D:9      | Found Raula's Weapon Shoppe.
  6365 | D:9      | 6365 ||| INVOKING Heroism.
  6381 | D:9      | 6381 ||| Stepping ~*~*~tactically~*~*~ (stealth).
  6392 | D:9      | 6392 ||| INVOKING Heroism.
  6396 | D:9      | Noticed a cyclops
  6413 | D:9      | Killed a cyclops
  6420 | D:9      | Reached skill level 11 in Axes
  6493 | D:9      | 6493 ||| INVOKING Heroism.
  6496 | D:9      | 6496 ||| Stepping ~*~*~tactically~*~*~ (hiding).
  6518 | D:9      | 6518 ||| Stepping ~*~*~tactically~*~*~ (hiding).
  6519 | D:9      | 6519 ||| Stepping ~*~*~tactically~*~*~ (hiding).
  6520 | D:9      | 6520 ||| Stepping ~*~*~tactically~*~*~ (hiding).
  6554 | D:9      | 6554 ||| Stepping ~*~*~tactically~*~*~ (stealth).
  6574 | D:9      | Reached **** piety under Okawaru
  6614 | D:9      | 6614 ||| Stepping ~*~*~tactically~*~*~ (hiding).
  6678 | D:9      | 6678 ||| Stepping ~*~*~tactically~*~*~ (stealth).
  6680 | D:9      | 6680 ||| Stepping ~*~*~tactically~*~*~ (hiding).
  6681 | D:9      | 6681 ||| Stepping ~*~*~tactically~*~*~ (hiding).
  6683 | D:9      | 6683 ||| Stepping ~*~*~tactically~*~*~ (hiding).
  6698 | D:9      | 6698 ||| INVOKING Heroism.
  6716 | D:9      | Reached XP level 11. HP: 65/69 MP: 12/14
  6718 | D:9      | 6718 ||| INVOKING Heroism.
  6749 | D:9      | 6749 ||| DROPPING +3 flail of freezing.
  6752 | D:9      | 6752 ||| Stepping ~*~*~tactically~*~*~ (stealth).
  6754 | D:9      | 6754 ||| Stepping ~*~*~tactically~*~*~ (hiding).
  6755 | D:9      | 6755 ||| Stepping ~*~*~tactically~*~*~ (hiding).
  6861 | D:9      | 6861 ||| Stepping ~*~*~tactically~*~*~ (stealth).
  6864 | D:9      | 6864 ||| Stepping ~*~*~tactically~*~*~ (stealth).
  6879 | D:9      | Found a staircase to the Orcish Mines.
  6966 | D:9      | 6966 ||| Stepping ~*~*~tactically~*~*~ (stealth).
  6967 | D:9      | 6967 ||| Stepping ~*~*~tactically~*~*~ (stealth).
  6968 | D:9      | 6968 ||| Stepping ~*~*~tactically~*~*~ (stealth).
  6987 | D:9      | Reached skill level 9 in Fighting
  7011 | D:9      | Found a staircase to the Lair.
  7028 | D:9      | Noticed Grum
  7029 | D:9      | 7029 ||| Stepping ~*~*~tactically~*~*~ (stealth).
  7036 | D:9      | 7036 ||| INVOKING Heroism.
  7049 | D:9      | Killed Grum
  7050 | D:9      | Reached skill level 6 in Invocations
  7179 | D:9      | 7179 ||| Stepping ~*~*~tactically~*~*~ (stealth).
  7324 | D:9      | Found a hide-covered altar of Uskayaw.
  7324 | D:9      | Found a basalt altar of Yredelemnul.
  7408 | D:9      | 7408 ||| PLANNING LAIR
  7408 | D:9      | 7408 ||| UPGRADING to +0 plate armour.
  7418 | D:9      | 7418 ||| DROPPING +0 chain mail.
  7419 | D:9      | 7419 ||| DROPPING +0 pair of boots of stealth.
  7420 | D:9      | 7420 ||| DRINKING 2 smoky golden potions.
  7420 | D:9      | Gained mutation: Your flesh is heat resistant. (rF+)
                  | [potion of mutation]
  7420 | D:9      | Gained mutation: You have sharp toenails. [potion of
                  | mutation]
  7421 | D:9      | 7421 ||| READING 4 scrolls of identify.
  7421 | D:9      | 7421 ||| IDENTIFYING metallic grey potion
  7422 | D:9      | 7422 ||| READING 3 scrolls of identify.
  7422 | D:9      | 7422 ||| IDENTIFYING sapphire potion
  7479 | Lair:1   | Entered Level 1 of the Lair of Beasts
  7486 | Lair:1   | 7486 ||| STAIRDANCE
  7529 | Lair:1   | Found a sacrificial altar of Ru.
  7832 | Lair:1   | 7832 ||| Stepping ~*~*~tactically~*~*~ (hiding).
  7895 | Lair:1   | 7895 ||| READING scroll of enchant armour.
  7895 | Lair:1   | 7895 ||| ENCHANTING +0 pair of gloves.
  8041 | Lair:1   | Reached ***** piety under Okawaru
  8059 | Lair:1   | 8059 ||| INVOKING Heroism.
  8082 | Lair:1   | Noticed a manticore
  8084 | Lair:1   | 8084 ||| INVOKING Heroism.
  8099 | Lair:1   | Killed a manticore
  8106 | Lair:1   | 8106 ||| FLEEEEING.
  8180 | Lair:1   | Noticed a fire crab
  8181 | Lair:1   | 8181 ||| INVOKING Heroism.
  8208 | Lair:1   | Killed a fire crab
  8209 | Lair:1   | Reached skill level 9 in Armour
  8218 | Lair:1   | HP: 13/71 [polar bear (13)]
  8219 | Lair:1   | 8219 ||| READING 3 scrolls of teleportation.
  8220 | Lair:1   | 8220 ||| DRINKING 6 potions of heal wounds.
  8438 | Lair:1   | 8438 ||| UPGRADING to +2 helmet.
  8448 | Lair:1   | 8448 ||| DROPPING +0 helmet.
  8449 | Lair:1   | 8449 ||| READING scroll labelled CACIKA PIALU.
  8553 | Lair:2   | 8553 ||| Stepping ~*~*~tactically~*~*~ (stealth).
  8554 | Lair:2   | 8554 ||| INVOKING Heroism.
  8568 | Lair:2   | Reached skill level 9 in Invocations
  8568 | Lair:2   | Reached XP level 12. HP: 68/76 MP: 16/18
  8603 | Lair:2   | Found a staircase to the Snake Pit.
  8728 | Lair:2   | 8728 ||| INVOKING Heroism.
  8793 | Lair:2   | Found a staircase to the Shoals.
  8794 | Lair:2   | You fall into a shaft and drop 1 floor!
  8794 | Lair:3   | Noticed Gastronok
  8795 | Lair:3   | 8795 ||| INVOKING Heroism.
  8812 | Lair:3   | Received a gift from Okawaru
  8813 | Lair:3   | Reached skill level 12 in Axes
  8828 | Lair:3   | Killed from afar by Gastronok

Levels and vault maps discovered:
D:1:      mrwooster_arrival_statue_3, layout_basic,
          hellmonk_ecumenical_altar_blasted, minmay_tripent
D:2:      layout_basic, uniq_terence, uniq_sigmund
D:3:      layout_basic, okawaru_metal_pillars_1_2, minmay_pentomino_pile
D:4:      layout_cave_pools, mainiacjoe_overflow_cross_hatched,
          nemelex_xobeh_ov_fountains_minmay, hangedman_minor_gate_pass
D:5:      layout_gridville, minmay_temple_entry_crystal_x,
          ebering_ghost_reflecting_pool, serial_shops, shop
D:6:      layout_loops_ring
D:7:      layout_loops_ring, kennysheep_vampire_church, zin_academy,
          uniq_crazy_yiuf_cottage, uniq_menkaure
D:8:      layout_loops_corners, nicolae_shop_gadgets
D:9:      layout_big_octagon, gammafunk_temple_overflow_statue,
          david_lair_shrubbed, hiddenorc1_lemuel, serial_gnoll_camp,
          grums_kennel, gnoll_camp_huts_basic, gnoll_camp_mini_basic,
          gnoll_camp_mini_sergeant, gnoll_camp_mini_doghouse,
          gnoll_camp_mini_shop, minmay_bent
Lair:1:   layout_regular_city, basic_altar, nicolae_lair_lakeside_cave
Lair:2:   layout_cave_pods, minmay_shoals_entry_centaurs,
          minmay_snake_entry_six_corridors, beast_lair_carwin_3
Lair:3:   layout_hall_layers, gammafunk_ghost_ooze, uniq_gastronok

Skill      XL: |  1  2  3  4  5  6  7  8  9 10 11 12 |
---------------+-------------------------------------+-----
Axes           | 2 3 5 6 7 8 9 11 12 | 12.1
Fighting       | 4 6 7 8 9 |  9.0
Dodging        | 1 2 |  2.1
Invocations    | 2 4 9 10 | 10.2
Throwing       | 1 |  1.1
Armour         | 4 6 7 9 |  9.2
Shields        | 4 5 |  5.7

Action                     |  1- 3 |  4- 6 |  7- 9 | 10-12 || total
---------------------------+-------+-------+-------+-------++-------
  Melee: War axe           |    70 |   106 |   302 |   521 ||   999
  Throw: Boomerang         |       |       |    48 |    36 ||    84
 Invoke: Heroism           |       |       |     9 |    13 ||    22
    Use: Scroll            |     3 |     5 |     6 |     7 ||    21
         Potion            |     1 |     2 |       |     3 ||     6
 Armour: Scale mail        |    21 |    16 |       |       ||    37
         Chain mail        |       |    70 |   218 |   209 ||   497
         Plate armour      |       |       |       |   198 ||   198
  Dodge: Dodged            |    35 |    53 |   147 |   241 ||   476
  Block: Buckler           |    14 |    18 |    73 |   147 ||   252

Table legend:
 A = Non-vault XP
 B = Vault XP
 C = Vault XP percentage of total XP
 D = Non-vault monster count
 E = Vault monster count
 F = Vault count percentage of total count
                 A         B        C        D         E       F
            +---------+---------+-------+---------+---------+-------
      Total |   12493 |   11506 |  47.9 |     184 |     108 |  37.0
            +---------+---------+-------+---------+---------+-------
        D:1 |      31 |       3 |   8.8 |      18 |       2 |  10.0
        D:2 |      66 |     250 |  79.1 |      17 |       2 |  10.5
        D:3 |     222 |       5 |   2.2 |      12 |       3 |  20.0
        D:4 |     247 |     182 |  42.4 |      12 |       6 |  33.3
        D:5 |    1068 |       0 |   0.0 |      21 |       0 |   0.0
        D:6 |     477 |       0 |   0.0 |       7 |       0 |   0.0
        D:7 |    1182 |     235 |  16.6 |      18 |       6 |  25.0
        D:8 |     911 |       0 |   0.0 |      17 |       0 |   0.0
        D:9 |    3076 |    3536 |  53.5 |      38 |      64 |  62.7
     Lair:1 |    1467 |    4406 |  75.0 |      11 |      14 |  56.0
     Lair:2 |    1116 |    2889 |  72.1 |       7 |      11 |  61.1
     Lair:3 |    2630 |       0 |   0.0 |       6 |       0 |   0.0
            +---------+---------+-------+---------+---------+-------
